 Dungeon Crawl Stone Soup version 0.26-a0-466-g989023bd0d (webtiles) character file.

Game seed: 10670080526479246331

293 Apogee the Chopper (level 6, 0/55 HPs)
             Began as a Minotaur Gladiator on Aug 3, 2020.
             Was an Initiate of Makhleb.
             Slain by a sky beast (4 damage)
             ... on level 4 of the Dungeon.
             The game lasted 00:04:13 (3730 turns).

Apogee the Chopper (Minotaur Gladiator)             Turns: 3730, Time: 00:04:14

Health: 0/55       AC:  6    Str: 21    XL:     6   Next: 11%
Magic:  5/5        EV: 12    Int:  5    God:    Makhleb [......]
Gold:   226        SH:  0    Dex: 11    Spells: 5/5 levels left

rFire    . . .     SeeInvis .   s - +0 war axe
rCold    . . .     Faith    .   (no shield)
rNeg     . . .     Spirit   .   j - +0 ring mail
rPois    .         Reflect  .   c - +0 hat
rElec    .         Harm     .   (no cloak)
rCorr    .                      o - +0 pair of gloves
MR       .....                  (no boots)
Stlth    +.........             (no amulet)
HPRegen  0.18/turn              (no ring)
MPRegen  0.09/turn              (no ring)

@: no status effects
A: retaliatory headbutt, horns 2
a: Renounce Religion


You were on level 4 of the Dungeon.
You worshipped Makhleb.
Makhleb was noncommittal.
You visited 1 branch of the dungeon, and saw 5 of its levels.

You collected 226 gold pieces.

Inventory:

Hand Weapons
 s - a +0 war axe (weapon)
Missiles
 d - 3 throwing nets (quivered) {!f}
 k - 151 stones
Armour
 a - a +1 leather armour of cold resistance
   (You found it on level 1 of the Dungeon)
 b - a +0 leather armour
 c - a +0 hat (worn)
 j - a +0 ring mail (worn)
   (You found it on level 1 of the Dungeon)
 o - a +0 pair of gloves (worn)
   (You found it on level 2 of the Dungeon)
Jewellery
 h - an uncursed ring of resist corrosion {unknown}
   (You found it on level 1 of the Dungeon)
Scrolls
 e - 2 scrolls of blinking {unknown}
 f - 2 scrolls of fog {unknown}
 g - 6 scrolls of remove curse {unknown}
 l - a scroll of noise {unknown}
 m - a scroll of random uselessness {unknown}
 n - 4 scrolls of identify {unknown}
 q - 2 scrolls of enchant armour {unknown}
 t - a scroll of teleportation {unknown}
 u - 2 scrolls of immolation {unknown}
 w - a scroll of enchant weapon {unknown}
Potions
 i - 2 potions of berserk rage {unknown}
 p - 2 potions of curing {unknown}
 r - a potion of magic {unknown}
 v - a potion of haste {unknown}
 x - a potion of heal wounds {unknown}


   Skills:
 + Level 4.8 Fighting
 * Level 7.1 Axes
 - Level 2.0 Throwing
 - Level 3.2 Dodging


You had 5 spell levels left.
You didn't know any spells.
Your spell library was empty.

Dungeon Overview and Level Annotations

Branches:
Dungeon (5/15)
 Temple: D:4-7

Altars:
Ashenzari
Hepliaklqana
Makhleb
Sif Muna
Trog
Wu Jian

Shops:
D:4 *


Innate Abilities, Weirdness & Mutations

You reflexively headbutt those who attack you in melee.
You have a pair of horns on your head.


Message History

No target in view!
No target in view!
No target in view!
No target in view!
No target in view!
No target in view!
No target in view!
Unknown command.
Something hits you. Something shocks you.
You barely miss something.
A sky beast appears from thin air!
Reactivating autopickup.
The sky beast closely misses you.
You barely miss the sky beast.
The sky beast flickers out of sight!
Deactivating autopickup; reactivate with Ctrl-A.
Something hits you but does no damage. Something hits you.
Something shocks you.
You barely miss something. You headbutt something.
Something hits you but does no damage.
You barely miss something. Something hits you. Something shocks you.
You slash something! Something hits you. Something shocks you.
* * * LOW HITPOINT WARNING * * *
You hit something. Something hits you.
* * * LOW HITPOINT WARNING * * *
Something shocks you.
* * * LOW HITPOINT WARNING * * *
You closely miss something. You headbutt something! Something hits you.
* * * LOW HITPOINT WARNING * * *
Something shocks you.
* * * LOW HITPOINT WARNING * * *
An ufetubus comes into view.
An adder comes into view.
There is a stone staircase leading up here.
The adder hisses angrily.
Something hits you.
* * * LOW HITPOINT WARNING * * *
Something shocks you.
* * * LOW HITPOINT WARNING * * *
You climb upwards.
Reactivating autopickup.
There is a stone staircase leading down here.
Something hits you.
You die...

####### ##### #.....#
#...#
#.....#######...#####
#....................
#.....###............
###............#####.
#.............####.
#.................#
#>@...............'
#...........#.....#
#.###.##....#.....#
####.###.#.....#.....#
#......#.#.....#.....#
#.###..#.#.....#.....#
#.'_#..........#......
#####....##....#.....#
########.#.......#.#.....#


There were no monsters in sight!

Vanquished Creatures
  A phantom (D:4)
  A hound (D:4)
  A worker ant (D:4)
  A hound skeleton (D:4)
  3 gnolls (D:2)
  3 adders
  2 worms
  2 dart slugs (D:2)
  2 leopard geckos
  An orc (D:4)
  2 ball pythons (D:3)
  9 bats
  6 giant cockroaches
  9 hobgoblins
  3 jackals (D:4)
  2 quokkas (D:2)
  3 frilled lizards
  10 goblins
  3 kobolds
  9 rats
73 creatures vanquished.

Notes
Turn   | Place    | Note
-------+----------+-------------------------------------------
     0 | D:1      | Apogee the Minotaur Gladiator began the quest for the Orb.
     0 | D:1      | Reached XP level 1. HP: 18/18 MP: 0/0
   190 | D:1      | Reached skill level 4 in Axes
   213 | D:1      | Reached XP level 2. HP: 8/25 MP: 1/1
  1045 | D:2      | Reached XP level 3. HP: 26/31 MP: 2/2
  1107 | D:2      | Reached skill level 5 in Axes
  1469 | D:1      | Reached XP level 4. HP: 30/38 MP: 3/3
  1600 | D:2      | Found a shimmering blue altar of Sif Muna.
  2156 | D:3      | Found a shattered altar of Ashenzari.
  2222 | D:3      | Found a faded altar of an unknown god.
  2738 | D:3      | Reached skill level 6 in Axes
  2771 | D:4      | Noticed a phantom
  2803 | D:4      | Reached XP level 5. HP: 46/46 MP: 4/4
  2811 | D:4      | Killed a phantom
  3084 | D:4      | Found an ornate altar of the Wu Jian Council.
  3085 | D:4      | Found a bloodstained altar of Trog.
  3086 | D:4      | Found a burning altar of Makhleb.
  3194 | D:4      | Became a worshipper of Makhleb the Destroyer
  3233 | D:4      | Found Zoxtudah's Assorted Antiques.
  3267 | D:4      | Reached skill level 7 in Axes
  3267 | D:4      | Reached XP level 6. HP: 54/55 MP: 5/5
  3404 | D:4      | Found a hazy altar of Hepliaklqana.
  3710 | D:5      | Entered Level 5 of the Dungeon
  3710 | D:5      | Noticed a sky beast
  3730 | D:4      | Slain by a sky beast

Illustrated notes

Levels and vault maps discovered:
D:1:      evilmike_arrival_crescent, layout_basic
D:2:      layout_loops_ring, old_standard_altar
D:3:      layout_loops_ring, ashenzari_conservatory_becter,
          chequers_ecumenical_altar_simple, minmay_puff
D:4:      layout_basic, gammafunk_temple_overflow_forgotten, kennysheep_mini,
          serial_shops, nicolae_shop_crystal, minmay_three_crescents
D:5:      layout_cave_pools, overflow_temple_1_default

Skill      XL: |  1  2  3  4  5 |
---------------+----------------+-----
Axes           | 4 5 6 7 |  7.1
Fighting       | 3 4 |  4.8
Throwing       | |  2.0
Dodging        | |  3.2

Action                   |  1- 3 |  4- 6 || total
-------------------------+-------+-------++-------
Melee: War axe           |    59 |    93 ||   152
       Headbutt          |     8 |    14 ||    22
Armor: Leather armour    |     7 |       ||     7
       Ring mail         |     4 |    38 ||    42
Dodge: Dodged            |    41 |    62 ||   103

Table legend: (Time is in decaauts)
 A = Elapsed time spent in this place.
 B = Non-inter-level travel time spent in this place.
 C = Inter-level travel time spent in this place.
 D = Time resting spent in this place.
 E = Time spent auto-exploring this place.
 F = Levels seen in this place.
 G = Mean time per level.
                   A        B        C        D        E       F      G
               +--------+--------+--------+--------+--------+-----+--------+
         Total |   3768 |   3652 |    116 |    533 |   2531 |   5 |  753.6 |
       Dungeon |   3768 |   3652 |    116 |    533 |   2531 |   5 |  753.6 |
               +--------+--------+--------+--------+--------+-----+--------+

Top non-repeatable levels by time:
     D:1: 1335 daAuts
     D:4: 945 daAuts
     D:2: 812 daAuts
     D:3: 655 daAuts
     D:5: 19 daAuts
